 Dungeon Crawl Stone Soup version 0.32-a0-921-g04a7ad8e02 (webtiles) character file.

Game seed: 14893439577081106163

77735 Slen the Executioner (level 15, -1/132 (152) HPs)
             Began as a Minotaur Berserker on Apr 12, 2024.
             Was a High Priest of Trog.
             Slain by a +1 long sword of freezing (3 damage)
             ... on level 2 of the Orcish Mines.
             The game lasted 01:12:38 (21685 turns).

Slen the Executioner (Minotaur Berserker)          Turns: 21685, Time: 01:12:38

HP:   -1/132 (152)  AC: 20    Str: 38    XL:     15   Next: 16%
MP:   14/14         EV:  9    Int:  6    God:    Trog [*****.]
Gold: 2043          SH:  0    Dex: 11    Spells: 14/14 levels left

rFire   . . .        h - +5 battleaxe (flame)
rCold   . . .        (shield currently unavailable)
rNeg    . . .        T - +0 plate armour
rPois   .            (helmet restricted)
rElec   .            (no cloak)
rCorr   .            v - +0 pair of gloves
SInv    .            n - +2 pair of boots
Will    +....        m - amulet of reflection Stlth
                     y - +6 ring of strength
HPRegen 0.42/turn    V - +6 ring of strength
MPRegen 0.14/turn

%: reflection
@: confused, ambrosia-drunk, heavily drained, invisible
A: horns 2, retaliatory headbutt
a: Renounce Religion, Berserk, Trog's Hand, Brothers in Arms


You were on level 2 of the Orcish Mines.
You worshipped Trog.
Trog was extremely pleased with you.
You visited 4 branches of the dungeon, and saw 23 of its levels.

You collected 2247 gold pieces.
You spent 204 gold pieces at shops.

Inventory:

Hand Weapons
 c - a +1 antimagic battleaxe
 h - a +5 battleaxe of flaming (weapon)
 q - the +11 mace of Naukloink {heavy, Str+4}
   (You found it on level 3 of the Lair of Beasts)

   Str+4:     It affects your strength (+4).
 Y - a +1 antimagic executioner's axe
 Z - the +8 flail "Zoinonua" {drain, Str+7}
   (You found it on level 5 of the Lair of Beasts)

   Str+7:     It affects your strength (+7).
Armour
 n - a +2 pair of boots (worn)
 t - a +0 chain mail
 v - a +0 pair of gloves (worn)
 T - a +0 plate armour (worn)
Jewellery
 l - a ring of positive energy
 m - an amulet of reflection (around neck)
 o - a ring of ice
 y - a +6 ring of strength (left hand)
 B - a ring of flight
 F - a ring of resist corrosion
 J - a +6 ring of dexterity
 S - a ring of positive energy
 V - a +6 ring of strength (right hand)
 X - an amulet of guardian spirit
Wands
 b - a wand of flame (12)
 i - a wand of warping (15)
 x - a wand of mindburst (13)
 G - a wand of digging (13)
Scrolls
 d - 3 scrolls of amnesia
 f - 4 scrolls of fear
 j - 3 scrolls of revelation
 k - a scroll of fog {unknown}
 p - a scroll of enchant armour {unknown}
 s - a scroll of silence {unknown}
 C - 2 scrolls of acquirement
 D - a scroll of blinking {unknown}
 I - 6 scrolls of teleportation
 L - 2 scrolls of butterflies {unknown}
 Q - 7 scrolls of poison
Potions
 a - a potion of berserk rage {unknown}
 g - a potion of resistance
 r - 3 potions of haste
 u - 7 potions of curing
 z - 2 potions of mutation
 A - 3 potions of enlightenment
 E - 3 potions of might
 H - 4 potions of brilliance
 K - 2 potions of magic
 N - a potion of heal wounds {unknown}
 O - 2 potions of invisibility
 R - a potion of lignification
 U - 2 potions of cancellation
 W - a potion of attraction {unknown}
Miscellaneous
 P - a condenser vane


   Skills:
 - Level 19.3 Fighting
 + Level 22.7 Axes
 - Level 4.1 Ranged Weapons
 - Level 12.2 Armour
 - Level 5.1 Dodging
 - Level 7.2 Evocations


You had 14 spell levels left.
You didn't know any spells.
Your spell library contained the following spells:

 Spells                   Type           Power      Damage    Failure   Level
 Freeze                   Ice            0%         1d3       91%         1
 Magic Dart               Conj           0%         1d3       91%         1
 Blink                    Tloc           0%         N/A       97%         2
 Call Imp                 Summ           0%         N/A       97%         2
 Cigotuvi's Dreadful Rot  Necr/Alch/Air  0%         N/A       97%         2
 Ensorcelled Hibernation  Hex/Ice        0%         N/A       97%         2
 Mercury Vapours          Alch/Air       0%         N/A       97%         2
 Frozen Ramparts          Ice            0%         1d1       100%        3
 Fugue of the Fallen      Necr           0%         N/A       100%        3
 Hailstorm                Conj/Ice       0%         3d5       100%        3
 Mephitic Cloud           Conj/Alch/Air  0%         N/A       100%        3
 Passwall                 Erth           0%         N/A       100%        3
 Swiftness                Air            0%         N/A       100%        3
 Tukima's Dance           Hex            0%         N/A       100%        3
 Anguish                  Hex/Necr       0%         N/A       100%        4
 Dispel Undead            Necr           0%         3d6       100%        4
 Martyr's Knell           Necr/Summ      0%         N/A       100%        4
 Passage of Golubria      Tloc           0%         N/A       100%        4
 Freezing Cloud           Conj/Ice/Air   0%         6-21      100%        5
 Yara's Violent Unravell  Hex/Alch       0%         3d3       100%        5


Dungeon Overview and Level Annotations

Branches:
Dungeon (14/15)            Temple (0/1) D:6            Lair (5/5) D:8
  Swamp (0/4) Lair:2       Spider (0/4) Lair:3        Slime (0/5) Lair:5
    Orc (2/2) D:12            Elf (2/3) Orc:2        Vaults (0/5) D:13

Altars:
Ashenzari
Dithmenos
Fedhas
Gozag
Kikubaaqudgha
Okawaru
Ru
Sif Muna
Trog
Vehumet
Xom
The Shining One

Shops:
D:9 *   Orc:2 (*:*   Elf:1 (

Portals:
Trove: D:10 (lose all piety)

Annotations:
D:6 2 transporters Fire wand + pot
Lair:2 2 transporters, Mlask's ghost, journeyman TrGl


Innate Abilities, Weirdness & Mutations

You have a pair of horns on your head.
You reflexively headbutt those who attack you in melee.


Message History

You block the deep elf knight's attack.
The deep elf pyromancer gestures wildly while chanting.
The deep elf pyromancer blinks!
The deep elf zephyrmancer gestures at you while chanting.
The bolt of lightning hits you!! The +1 long sword of freezing hits you!
The +1 long sword of freezing freezes you.
There is a stone staircase leading up, spattered with blood here.
The +1 long sword of freezing hits you but does no damage.
The deep elf zephyrmancer casts a spell at you.
The bolt of lightning hits the +1 long sword of freezing.
The +1 long sword of freezing completely resists.
The bolt of lightning hits you!!!
* * * LOW HITPOINT WARNING * * *
The deep elf pyromancer gestures wildly while chanting.
The +1 long sword of freezing hits you but does no damage.
You climb upwards.
There is a stone staircase leading down here.
The +1 long sword of freezing attacks as it pursues you!
The +1 long sword of freezing hits you but does no damage.
The +1 long sword of freezing attacks as it pursues you!
The +1 long sword of freezing closely misses you.
The +1 long sword of freezing hits you but does no damage.
There is a staircase back to the Mines here.
You can't go down here!
The +1 long sword of freezing hits you!
* * * LOW HITPOINT WARNING * * *
The +1 long sword of freezing freezes you.
* * * LOW HITPOINT WARNING * * *
You climb upwards.
Welcome back to the Orcish Mines!
There is a staircase to the Elven Halls here.
Okay, then.
You fade into invisibility!
The +1 long sword of freezing closely misses you. x2
Unknown command.
You are confused.
You feel invigorated. The +1 long sword of freezing hits you!
* * * LOW HITPOINT WARNING * * *
The +1 long sword of freezing freezes you.
You die...

#......#.#.))).........###.
###......###..#))........# #.
#.......########[.......####.
##.........##.#.........##...
#.........#....^......###...
###.......##................
#.......#.................
##..#.......#.##..........
##.#....@..#####.........
###.....(.### ##........
##..........## ##.<..#.#
###............## ###.####
#...............# #...#
##.......#.......# #####
#........#......#####
#####......##.......#..#
#.#.......####.........#


You could see a +1 long sword of freezing (unable to see you).

Vanquished Creatures
  Kirke (D:13)
  A dire elephant (Lair:5)
  Josephine (D:13)
  Fannar (D:12)
  2 vault guards (D:13)
  A hydra (Lair:5)
  2 catoblepae (Lair:5)
  An ogre mage (Orc:2)
  Erica (Lair:1)
  3 boulder beetles
  3 centaur warriors
  A deep troll shaman (Lair:5)
  5 two-headed ogres (Orc:2)
  10 death yaks
  Urug (D:12)
  3 orc high priests (Orc:2)
  A deep elf knight (Elf:1)
  The ghost of fengi the Covered, a novice MiFi of Jiyva (D:6)
  Lodul (D:12)
  2 arcanists (D:13)
  Pikel (D:8)
  3 necromancers (D:13)
  A deep elf zephyrmancer (Elf:1)
  3 orc knights (Orc:2)
  2 deep elf pyromancers (Elf:1)
  2 orc sorcerers (Orc:2)
  4 cyclopes
  3 ugly things
  2 manticores (D:11)
  3 kobold blastminers (Orc:2)
  11 elephants (Lair:5)
  10 cane toads
  A gargoyle (D:10)
  2 torpor snails
  Jeremiah (D:6)
  2 rime drakes
  13 komodo dragons
  An unseen horror (D:11)
  A komodo dragon (shapeshifter) (Elf:1)
  2 trolls
  3 polar bears
  A jumping spider (Lair:3)
  9 blink frogs
  Grinder (D:4)
  9 slime creatures (D:12)
  2 shadows
  A water elemental (Elf:1)
  A vampire (D:10)
  A culicivora (Lair:3)
  5 wraiths
  43 yaks
  4 wyverns
  7 basilisks
  6 hogs (D:13)
  17 humans (D:13)
  A steam dragon (D:9)
  A warg (Orc:2)
  A fire elemental (D:12)
  9 vampire mosquitoes
  2 swamp worms (Lair:2)
  An acid dragon (D:13)
  12 water moccasins
  4 ice beasts
  11 orc warriors
  A sky beast (D:7)
  3 black bears
  12 centaurs
  11 ogres
  15 wolves
  A lemure (D:8)
  5 kobold brigands
  3 scorpions
  14 bullfrogs
  6 wights
  8 killer bees
  5 howler monkeys
  5 electric eels
  A lava snake (D:12)
  2 hounds
  2 gnoll boudas
  2 bombardier beetles (D:5)
  14 orc priests
  19 iguanas
  A sleepcap (D:4)
  14 orc wizards
  8 gnolls
  5 adders
  4 shadow imps (D:6)
  A white imp (D:8)
  A dart slug (D:1)
  2 ribbon worms (D:2)
  46 orcs
  8 ball pythons
  11 endoplasms
  A giant cockroach (D:1)
  5 goblins
  6 hobgoblins
  13 jackals
  28 kobolds
  4 quokkas
  8 bats
  17 frilled lizards
  4 rats
578 creatures vanquished.

Vanquished Creatures (collateral kills)
  2 ogre magi (Orc:2)
  2 orc knights (Orc:2)
  A kobold blastminer (Orc:2)
  2 orc warriors (Orc:2)
  An orc priest (Orc:2)
  An orc (Orc:2)
9 creatures vanquished.

Vanquished Creatures (others)
  An arcanist (D:7)
  An orc wizard (Orc:2)
  A frilled lizard (D:10)
3 creatures vanquished.

Grand Total: 590 creatures vanquished

Notes
Turn   | Place    | Note
-------+----------+-------------------------------------------
     0 | D:1      | Slen the Minotaur Berserker began the quest for the Orb.
     0 | D:1      | Reached XP level 1. HP: 19/19 MP: 0/0
   101 | D:1      | Reached XP level 2. HP: 27/27 MP: 1/1
   456 | D:1      | Reached skill level 4 in Axes
   556 | D:1      | Reached ** piety under Trog
   670 | D:1      | Reached XP level 3. HP: 29/33 MP: 2/2
   899 | D:2      | Identified the +0 leather armour "Lyded" {Harm ^Drain
                  | rCorr}
  1407 | D:2      | Reached skill level 5 in Axes
  1894 | D:3      | Reached XP level 4. HP: 40/40 MP: 3/3
  1961 | D:3      | Reached *** piety under Trog
  2158 | D:3      | Found a faded altar of an unknown god.
  2386 | D:4      | Found a glowing golden altar of the Shining One.
  2593 | D:4      | Noticed Grinder
  2596 | D:4      | Paralysed by Grinder for 5 turns
  2604 | D:4      | Killed Grinder
  2605 | D:4      | Reached skill level 7 in Axes
  2605 | D:4      | Reached XP level 5. HP: 28/46 MP: 4/4
  2605 | D:4      | Reached XP level 6. HP: 32/52 MP: 5/5
  2606 | D:4      | Reached skill level 8 in Axes
  3051 | D:5      | Entered Level 5 of the Dungeon
  3051 | D:5      | Noticed an ice beast
  3062 | D:4      | Reached skill level 9 in Axes
  3140 | D:5      | Killed an ice beast
  3141 | D:5      | Reached XP level 7. HP: 24/58 MP: 6/6
  3179 | D:5      | Reached skill level 10 in Axes
  3375 | D:5      | Reached skill level 11 in Axes
  3402 | D:5      | Reached XP level 8. HP: 66/66 MP: 7/7
  3742 | D:5      | Reached skill level 5 in Fighting
  4202 | D:5      | Found an ancient bone altar of Kikubaaqudgha.
  4258 | D:5      | Reached **** piety under Trog
  4369 | D:6      | Noticed Jeremiah
  4371 | D:6      | Reached skill level 12 in Axes
  4427 | D:6      | Found a staircase to the Ecumenical Temple.
  4481 | D:6      | Found a runed translucent door.
  4485 | D:6      | Noticed fengi's ghost (novice MiFi)
  5107 | D:7      | Reached XP level 9. HP: 79/85 MP: 8/8
  5182 | D:7      | Found a bloodstained altar of Trog.
  5183 | D:7      | Noticed a wizard
  5188 | D:7      | Killed a wizard
  5296 | D:7      | Reached skill level 10 in Fighting
  5648 | D:6      | Found a transporter.
  5658 | D:6      | Reached skill level 13 in Axes
  5688 | D:6      | Killed Jeremiah
  5930 | D:6      | Found a transporter.
  6245 | D:6      | Killed fengi's ghost
  6736 | D:8      | Found a shimmering blue altar of Sif Muna.
  6741 | D:8      | Noticed Pikel
  6744 | D:8      | Found a shadowy altar of Dithmenos.
  6746 | D:8      | Found a blossoming altar of Fedhas.
  6746 | D:8      | Found a broken altar of Ashenzari.
  6746 | D:8      | Found an opulent altar of Gozag.
  6759 | D:8      | Killed Pikel
  6760 | D:8      | Reached skill level 15 in Fighting
  6760 | D:8      | Reached XP level 10. HP: 105/105 MP: 9/9
  6764 | D:8      | Found a shimmering altar of Xom.
  6844 | D:8      | Reached skill level 14 in Axes
  6846 | D:8      | Found a staircase to the Lair.
  7063 | D:8      | Found a radiant altar of Vehumet.
  7103 | D:9      | Reached skill level 15 in Axes
  7349 | D:9      | Found Eqadgh's Gadget Gallery.
  7391 | D:9      | Reached skill level 16 in Axes
  7398 | D:9      | Reached ***** piety under Trog
  7564 | D:9      | Noticed a cyclops
  7579 | D:9      | Killed a cyclops
  7866 | D:10     | Entered Level 10 of the Dungeon
  7888 | D:10     | Identified the +1 robe of Luycecw {Str+4}
  8023 | D:10     | Noticed a gargoyle
  8042 | D:10     | Killed a gargoyle
  8043 | D:10     | Reached skill level 17 in Axes
  8043 | D:10     | Reached XP level 11. HP: 49/112 MP: 10/10
  8512 | D:10     | Received a gift from Trog
  8994 | D:10     | Found a portal to a secret trove of treasure.
  9016 | D:10     | Reached skill level 18 in Axes
  9302 | D:10     | Found a sacrificial altar of Ru.
  9531 | Lair:1   | Entered Level 1 of the Lair of Beasts
  9562 | Lair:1   | Noticed Erica
  9579 | Lair:1   | Killed Erica
  9883 | Lair:1   | Reached skill level 19 in Axes
 10332 | Lair:1   | Reached skill level 20 in Axes
 10341 | Lair:1   | Reached XP level 12. HP: 69/119 MP: 3/11
 11658 | Lair:2   | Found a transporter.
 11658 | Lair:2   | Noticed a boulder beetle
 11661 | Lair:2   | Noticed a seven-headed hydra
 11663 | Lair:2   | Noticed Mlask's ghost (journeyman TrGl)
 11665 | Lair:2   | Noticed a boulder beetle
 11718 | Lair:2   | Reached skill level 5 in Armour
 11781 | Lair:2   | Found a transporter.
 11946 | Lair:2   | Received a gift from Trog
 12211 | Lair:2   | Found a staircase to the Swamp.
 12513 | Lair:3   | Found an iron altar of Okawaru.
 12519 | Lair:3   | Identified the +11 mace of Naukloink {heavy, Str+4}
 13185 | Lair:3   | Identified 2 scrolls of acquirement
 13686 | Lair:3   | Found a hole to the Spider Nest.
 14300 | Lair:5   | Entered Level 5 of the Lair of Beasts
 14305 | Lair:5   | Noticed a catoblepas
 14325 | Lair:5   | Killed a catoblepas
 14336 | Lair:5   | Reached XP level 13. HP: 90/134 MP: 12/12
 14769 | Lair:5   | Found a staircase to the Slime Pits.
 14779 | Lair:5   | Reached skill level 10 in Armour
 15326 | Lair:5   | Noticed a dire elephant
 15334 | Lair:5   | Killed a dire elephant
 15368 | Lair:5   | Identified the +8 flail "Zoinonua" {drain, Str+7}
 15539 | Lair:5   | Identified the +1 shortbow of Fee Simple {antimagic, rPois
                  | Str+2}
 15580 | Lair:5   | Received a gift from Trog
 16337 | D:11     | Reached skill level 1 in Evocations
 17382 | D:13     | Reached XP level 14. HP: 139/146 MP: 13/13
 17494 | D:13     | Reached skill level 21 in Axes
 17621 | D:13     | Noticed Josephine
 17636 | D:13     | Noticed Kirke
 17638 | D:13     | Killed Josephine
 17670 | D:13     | Killed Kirke
 17930 | D:13     | Reached skill level 5 in Evocations
 18147 | D:13     | Found a gate to the Vaults.
 18392 | D:12     | Noticed Urug
 18401 | D:12     | Killed Urug
 18546 | D:12     | Received a gift from Trog
 18671 | D:12     | Reached skill level 1 in Ranged Weapons
 18972 | D:12     | Noticed Fannar
 18981 | D:12     | Noticed Lodul
 18983 | D:12     | Killed Fannar
 18986 | D:12     | Killed Lodul
 19115 | D:12     | Found a staircase to the Orcish Mines.
 19688 | Orc:1    | Entered Level 1 of the Orcish Mines
 19970 | Orc:2    | Entered Level 2 of the Orcish Mines
 20103 | Orc:2    | Found a staircase to the Elven Halls.
 20114 | Orc:2    | Received a gift from Trog
 20344 | Orc:2    | Reached skill level 5 in Dodging
 20764 | Orc:2    | Reached skill level 22 in Axes
 20871 | Orc:2    | Reached XP level 15. HP: 48/152 MP: 14/14
 21289 | Orc:2    | Found Ynwest Tang's Book Shop.
 21289 | Orc:2    | Found Veaghore's General Store.
 21291 | Orc:2    | Found Tyras's Weapon Shop.
 21291 | Orc:2    | Found Vekhueci's General Store.
 21304 | Orc:2    | Bought a scroll of identify for 34 gold pieces
 21304 | Orc:2    | Bought a potion of resistance for 170 gold pieces
 21369 | Elf:1    | Entered Level 1 of the Elven Halls
 21636 | Elf:1    | Found Xesseotz's Weapon Emporium.
 21685 | Orc:2    | HP: 2/132 [+1 long sword of freezing (11)]
 21685 | Orc:2    | Slain by a +1 long sword of freezing

Illustrated notes

Levels and vault maps discovered:
D:1:      dpeg_arrival_stonehenge_8_columns, layout_loops_corners
D:2:      layout_basic, serial_curves, eino_curves_03, eino_curves_01
D:3:      layout_loops_cross, hellmonk_ecumenical_altar_pennies_from_heaven
D:4:      layout_cave_pools, tso_oasis_becter, uniq_grinder
D:5:      layout_basic, kiku_gazebo_pond_becter, minivault_11, abandoned_shop,
          st_stairs_9, hangedman_abyss_or_decor_stabs, minmay_manual_mares
D:6:      gammafunk_steamed_eel, layout_loops_cross,
          minmay_temple_entry_statues_pillars, ebering_ghost_reflecting_pool,
          minmay_misc_feat_tower, uniq_jeremiah
D:7:      layout_basic, trog_wizard
D:8:      layout_layer_cave, minitemple, due_lair_maze_entry_diamond, uniq_pikel
D:9:      layout_cave_pools, nicolae_shop_gadgets
D:10:     lemuel_reptile_caves, layout_irregular_city, nicolae_ru_path_of_blood,
          enter_trove_1
D:11:     layout_long_grid, kennysheep_generic_room_14
D:12:     layout_basic, orc_0_dummy, uniq_lodul, uniq_urug, uniq_fannar
D:13:     layout_basic, grunt_vaults_entry_tiered, uniq_josephine, uniq_kirke
D:14:     layout_basic, special_room [special_room_bee],
          nicolae_concentric_dashed_squares_mild
Lair:1:   layout_chaotic_city, uniq_erica
Lair:2:   layout_cave_pods, nicolae_swamp_entry_splash_gauntlet,
          gammafunk_ghost_arena, dreamdust_gnoll_shepherd, grunt_megastairs_4
Lair:3:   layout_cave_pods, spider_nest_entry_funnel_web, basic_altar,
          infiniplex_staircase_pool, serial_bayou_shore_b
Lair:4:   layout_misc_corridors, serial_bayou_shore_b
Lair:5:   grunt_lair_end_beastmaster, layout_gridlike, slime_entry_1,
          enter_volcano_2
Orc:1:    layout_diamond_mine
Orc:2:    grunt_orc_tribal_feast, layout_diamond_mine
Elf:1:    layout_geoelf_grid, serial_shops, shop, guppyfry_library_mini
Elf:2:    nicolae_elf_blades_splatter_lattice
          [nicolae_blade_entry_crossed_weapons], layout_geoelf_octagon,
          hellmonk_ghost_big_iron, uniq_asterion, uniq_zenata, uniq_roxanne

Skill      XL: |  1  2  3  4  5  6  7  8  9 10 11 12 13 14 |
---------------+-------------------------------------------+-----
Axes           | 4 5 7 9 11 12 13 17 20 22 | 22.7
Fighting       | 9 15 17 19 | 19.3
Armour         | 9 12 | 12.2
Evocations     | 2 7 |  7.2
Ranged Weapons | 4 |  4.1
Dodging        | 5 |  5.1

Action                     |  1- 3 |  4- 6 |  7- 9 | 10-12 | 13-15 || total
---------------------------+-------+-------+-------+-------+-------++-------
  Melee: Hand axe          |    95 |    89 |   309 |   123 |       ||   616
         Headbutt          |    10 |     9 |    57 |    96 |   115 ||   287
         Battleaxe         |       |       |       |   328 |   508 ||   836
         War axe           |       |       |       |    51 |       ||    51
  Throw: Dart              |       |     2 |     3 |     1 |       ||     6
         Throwing net      |       |       |       |     1 |       ||     1
 Invoke: Berserk           |       |     1 |     2 |       |     2 ||     5
         Trog's Hand       |       |       |     3 |     6 |    12 ||    21
         Brothers in Arms  |       |       |       |       |     1 ||     1
  Evoke: Condenser vane    |       |       |       |       |     2 ||     2
    Use: Scroll            |       |     1 |     4 |     5 |     9 ||    19
         Potion            |       |       |       |       |     3 ||     3
   Stab: Sleeping          |     1 |       |       |       |       ||     1
         Petrified         |       |       |       |       |     5 ||     5
         Petrifying        |       |       |       |       |     3 ||     3
 Armour: Animal skin       |    49 |       |       |       |       ||    49
         Ring mail         |    12 |    44 |       |       |       ||    56
         Chain mail        |       |    17 |   191 |   332 |   403 ||   943
         Plate armour      |       |       |       |       |    56 ||    56
  Dodge: Dodged            |    71 |    29 |    75 |   147 |   197 ||   519
  Block: Other             |       |       |       |    12 |    97 ||   109
         Reflection        |       |       |       |       |    11 ||    11

Table legend: (Time is in decaauts)
 A = Elapsed time spent in this place.
 B = Non-inter-level travel time spent in this place.
 C = Inter-level travel time spent in this place.
 D = Time resting spent in this place.
 E = Time spent auto-exploring this place.
 F = Levels seen in this place.
 G = Mean time per level.
                   A        B        C        D        E       F      G
               +--------+--------+--------+--------+--------+-----+--------+
         Total |  21388 |  20642 |    746 |      0 |  15465 |  23 |  929.9 |
       Dungeon |  12910 |  12412 |    498 |      0 |   9271 |  14 |  922.1 |
          Lair |   6523 |   6347 |    176 |      0 |   4962 |   5 | 1304.6 |
  Orcish Mines |   1645 |   1574 |     71 |      0 |   1131 |   2 |  822.5 |
   Elven Halls |    309 |    309 |      0 |      0 |    100 |   2 |  154.5 |
               +--------+--------+--------+--------+--------+-----+--------+

Top non-repeatable levels by time:
  Lair:1: 1684 daAuts
    D:10: 1669 daAuts
  Lair:5: 1516 daAuts
    D:12: 1316 daAuts
  Lair:3: 1263 daAuts
  Lair:2: 1258 daAuts
   Orc:2: 1256 daAuts
     D:5: 1229 daAuts
    D:13: 1109 daAuts
     D:6: 1016 daAuts
    D:11: 950 daAuts
     D:1: 887 daAuts
     D:7: 854 daAuts
     D:2: 850 daAuts
  Lair:4: 801 daAuts
